AoeStats
← The Cow. Muu

Arabia

503323139Analyzed
3v3 RM · 1mo ago on Aug 31, 2026· 76m 50s· 6 players
Game mode
Random Map
Map size
Normal (6 player)
Population
200
Speed
Normal
Resources
Standard
Victory
Conquest
Starting age
Dark Age
Ending age
Imperial Age
RankedLock teamsTeams togetherTeam positionsShared explorationLock speedFull tech treeHidden civsTurbo modeCheats
Victory
Defeat
🇲🇽 Ethiopians · Mexico
1400
+13
🇺🇸 Vietnamese · United States
1392
+13
🇲🇽 Spanish · Mexico
1369
+14
🇩🇪 Vietnamese · Germany
1400
-17
🇯🇵 Ethiopians · Japan
1352
-14
🇧🇩 Persians · Bangladesh
1222
-9
Bastard Maiden
8:38 Loom
10:42 Feudal Age
14:28 Castle Age
13:40 Double-Bit Axe
13:36 Horse Collar
14:32 Forging
18:48 Scale Barding Armor
19:02 Scale Barding Armor
26:44 Chain Barding Armor
28:00 Iron Casting
31:09 Husbandry
32:40 Bloodlines
シャイニング
6:24 Loom
8:49 Feudal Age
11:29 Fletching
15:24 Padded Archer Armor
15:59 Horse Collar
16:16 Double-Bit Axe
22:57 Wheelbarrow
27:20 Castle Age
27:24 Crossbowman
28:10 Bodkin Arrow
29:12 Thumb Ring
33:50 Gold Mining
34:40 Leather Archer Armor
35:01 Bow Saw
35:36 Heavy Plow
39:06 Gold Shaft Mining
40:23 Hand Cart
39:37 Elite Skirmisher
43:19 Stone Mining
45:10 Stone Shaft Mining
56:28 Imperial Age
62:10 Town Watch
67:02 Ballistics
68:58 Bracer
70:35 Chemistry
73:24 Squires
73:09 Arson
73:30 Scale Mail Armor
74:48 Two-Man Saw
74:02 Imperial Skirmisher
Osayi.
9:41 Feudal Age
10:32 Double-Bit Axe
10:41 Loom
13:59 Fletching
15:07 Padded Archer Armor
20:03 Wheelbarrow
19:12 Horse Collar
23:57 Castle Age
22:17 Gold Mining
22:24 Stone Mining
24:33 Bodkin Arrow
24:01 Crossbowman
24:44 Heavy Plow
24:56 Bow Saw
28:32 Ballistics
29:40 Leather Archer Armor
31:47 Hand Cart
31:18 Town Watch
37:32 Imperial Age
37:33 Elite Rattan Archer
38:20 Bracer
39:30 Ring Archer Armor
40:03 Chemistry
39:22 Thumb Ring
42:01 Elite Fire Lancer
42:42 Squires
42:28 Arson
42:44 Scale Mail Armor
44:03 Chain Mail Armor
43:59 Forging
46:18 Plate Mail Armor
47:30 Light Cavalry
48:21 Bloodlines
48:58 Iron Casting
49:02 Pikeman
50:06 Husbandry
50:15 Scale Barding Armor
54:42 Chain Barding Armor
55:18 Elite Battle Elephant
58:09 Plate Barding Armor
58:40 Paper Money
58:26 Chatras
62:48 Hoardings
62:13 Halberdier
74:05 Caravan
The Last Shadow
7:09 Loom
9:08 Feudal Age
9:59 Double-Bit Axe
20:38 Fletching
26:45 Castle Age
26:50 Crossbowman
28:53 Bodkin Arrow
31:09 Padded Archer Armor
31:43 Bow Saw
33:17 Leather Archer Armor
33:04 Horse Collar
34:45 Town Watch
37:28 Wheelbarrow
40:33 Imperial Age
40:23 Heavy Plow
41:10 Hand Cart
41:49 Arbalester
42:46 Bracer
43:34 Town Patrol
46:14 Ring Archer Armor
47:38 Ballistics
48:18 Chemistry
48:32 Thumb Ring
51:39 Paper Money
57:02 Scale Barding Armor
57:08 Forging
57:58 Elite Skirmisher
59:20 Pikeman
60:00 Squires
60:22 Halberdier
63:02 Imperial Skirmisher
64:59 Two-Man Saw
71:56 Scale Mail Armor
72:32 Iron Casting
The Cow. Muu
6:36 Loom
9:21 Feudal Age
10:02 Double-Bit Axe
13:21 Fletching
14:53 Padded Archer Armor
23:37 Castle Age
22:33 Gold Mining
22:24 Horse Collar
24:21 Bodkin Arrow
23:54 Crossbowman
24:58 Leather Archer Armor
25:58 Ballistics
25:58 Thumb Ring
26:20 Bow Saw
28:54 Wheelbarrow
33:46 Elite Skirmisher
35:44 Hand Cart
39:09 Imperial Age
36:59 Stone Mining
[NC] Neuilly
6:30 Loom
8:54 Feudal Age
9:59 Double-Bit Axe
11:00 Horse Collar
14:09 Bloodlines
15:42 Scale Barding Armor
22:09 Castle Age
23:11 Chain Barding Armor
30:18 Forging
32:31 Husbandry
34:18 Wheelbarrow
33:50 Heavy Plow
34:05 Bow Saw
35:02 Gold Mining
42:37 Imperial Age
42:01 Stone Mining
42:49 Cavalier
44:07 Plate Barding Armor
46:37 Heavy Plow
51:16 Fletching
52:00 Town Watch
52:52 Light Cavalry
54:45 Bodkin Arrow
55:35 Hand Cart
62:09 Supremacy
62:18 Conscription
67:07 Two-Man Saw
69:24 Murder Holes
69:32 Bracer
72:09 Hussar
Connection lost

Rejoining the realm…

Still unreachable

The connection could not be restored.

Session expired

The server has moved on; the page needs a fresh start.